 Dungeon Crawl Stone Soup version 0.30-a0-596-g0af90f9a20 (webtiles) character file.

Game seed: 4677735539041086178

613 wormed the Firebug (level 7, -1/42 (51) HPs)
             Began as a Gnoll Wanderer on Jan 7, 2023.
             Was a Follower of Cheibriados.
             Slain by a wight
             ... wielding a +5 short sword
              (15 damage)
             ... on level 5 of the Dungeon.
             The game lasted 00:05:53 (4200 turns).

wormed the Firebug (Gnoll Wanderer)                 Turns: 4200, Time: 00:05:54

HP:   -1/42 (51)    AC:  5    Str: 18    XL:     7   Next: 44%
MP:   21/24         EV: 12    Int: 14    God:    Cheibriados [*.....]
Gold: 198           SH:  0    Dex: 14    Spells: 16/17 levels left

rFire   . . .      SeeInvis .    u - +4 dagger of Exceptional Subterfuge {drain, rPois Str+4 Stlth-}
rCold   . . .      Faith    .    (no shield)
rNeg    . . .      Spirit   .    v - +0 leather armour
rPois   +          Reflect  .    (no helmet)
rElec   .          Harm     .    k - +0 cloak
rCorr   .          Rampage  .    (no gloves)
Will    .....                    h - +0 pair of boots
Stlth   +                        (no amulet)
HPRegen 0.27/turn                l - ring of magical power
MPRegen 0.19/turn                (no ring)

@: heavily drained, very slow
A: fangs 1, strong nose, distributed training
a: Renounce Religion, Bend Time


You were on level 5 of the Dungeon.
You worshipped Cheibriados.
Cheibriados was aware of your devotion.
You visited 2 branches of the dungeon, and saw 6 of its levels.

You collected 198 gold pieces.

Inventory:

Hand Weapons
 u - the +4 dagger of Exceptional Subterfuge (weapon) {drain, rPois Str+4 Stlth-}
   (You found it on level 4 of the Dungeon)

   Str:       It affects your strength (+4).
   rPois:     It protects you from poison.
   Stlth:     It makes you less stealthy.
Armour
 c - a +0 robe
 h - a +0 pair of boots (worn)
 k - a +0 cloak (worn)
 v - a +0 leather armour (worn)
Jewellery
 l - a ring of magical power (left hand)
 s - a ring of resist corrosion
Wands
 d - a wand of flame (14) (quivered)
Scrolls
 f - 4 scrolls of teleportation
 i - a scroll of noise
 j - a scroll of torment
 m - a scroll of acquirement {unknown}
 q - a scroll of brand weapon {unknown}
 r - a scroll of identify
 w - a scroll of enchant weapon
Potions
 a - a potion of magic {unknown}
 b - 3 potions of invisibility
 e - a potion of resistance
 g - 4 potions of curing
 n - a potion of degeneration {unknown}
 o - a potion of flight {unknown}
 p - a potion of might {unknown}
 t - a potion of lignification {unknown}


   Skills:
 + Level 2.6 Fighting
 + Level 2.6 Short Blades
 + Level 2.6 Long Blades
 + Level 2.6 Axes
 + Level 2.6 Maces & Flails
 + Level 2.6 Polearms
 + Level 2.6 Staves
 + Level 2.6 Ranged Weapons
 + Level 2.6 Throwing
 + Level 2.6 Armour
 + Level 2.6 Dodging
 + Level 2.6 Stealth
 + Level 2.6 Shields
 + Level 2.6 Unarmed Combat
 + Level 5.6 Spellcasting
 + Level 2.1 Conjurations
 + Level 2.1 Hexes
 + Level 2.1 Summonings
 + Level 2.1 Necromancy
 + Level 2.1 Translocations
 + Level 2.1 Transmutations
 + Level 7.4 Fire Magic
 + Level 4.3 Ice Magic
 + Level 2.1 Air Magic
 + Level 2.1 Earth Magic
 + Level 2.1 Poison Magic
 + Level 2.9 Invocations
 + Level 5.3 Evocations


You had 16 spell levels left.
You knew the following spells:

 Your Spells              Type           Power      Damage    Failure   Level
a - Foxfire               Conj/Fire      68%        2x1d7     2%          1

Your spell library contained the following spells:

 Spells                   Type           Power      Damage    Failure   Level
 Freeze                   Ice            64%        1d7       3%          1
 Apportation              Tloc           18%        N/A       9%          1
 Necrotise                Necr           36%        1d5       9%          1
 Summon Small Mammal      Summ           36%        N/A       9%          1
 Inner Flame              Hex/Fire       17%        N/A       9%          3
 Kindle Blastsparks       Fire/Tloc/Air  28%        2d12      12%         3
 Hailstorm                Conj/Ice       13%        3d5       16%         3


Dungeon Overview and Level Annotations

Branches:
Dungeon (5/15)             Temple (1/1) D:4

Altars:
Cheibriados
Dithmenos
Elyvilon
Fedhas
Gozag
Hepliaklqana
Kikubaaqudgha
Makhleb
Nemelex Xobeh
Okawaru
Qazlal
Sif Muna
Trog
Uskayaw
Wu Jian
Xom
Yredelemnul
Zin
The Shining One

Shops:
D:2 :


Innate Abilities, Weirdness & Mutations

You have very sharp teeth.
Your uncanny sense of smell can sniff out nearby items.
Your experience applies equally to all skills.


Message History

The wight hits you with a +5 short sword!
You feel drained.
A wight is nearby!
A wight is nearby!
Casting: Foxfire (safe; 2% risk of failure)
Confirm with . or Enter, or press ? or * to list all spells.
You conjure some foxfire!
The wight closely misses you.
Casting: Foxfire (safe; 2% risk of failure)
Confirm with . or Enter, or press ? or * to list all spells.
You conjure some foxfire!
The foxfire hits the wight.
The wight is lightly damaged.
The foxfire hits the wight but does no damage.
The wight is lightly damaged.
The wight hits you with a +5 short sword!
You feel drained.
Casting: Foxfire (safe; 2% risk of failure)
Confirm with . or Enter, or press ? or * to list all spells.
You conjure some foxfire!
The foxfire hits the wight but does no damage.
The wight is lightly damaged.
The wight hits you with a +5 short sword.
You feel drained.
Casting: Foxfire (safe; 2% risk of failure)
Confirm with . or Enter, or press ? or * to list all spells.
You conjure some foxfire!
The foxfire hits the wight but does no damage.
The wight is lightly damaged.
The foxfire hits the wight but does no damage.
The wight is lightly damaged.
The wight hits you with a +5 short sword!
* * * LOW HITPOINT WARNING * * *
You feel drained.
* * * LOW HITPOINT WARNING * * *
You feel better.
The wight hits you with a +5 short sword!
You feel drained.
You completely miss the wight. You bite the wight, but do no damage.
The wight is lightly damaged.
The wight hits you with a +5 short sword!
You die...

##.#### #####....)....
#.. ###.###### ####.
#.# #∆.... ∆∆ #.#
#?#.#.# ∆ #.# .....
#######.###
###.#.###..........#
#.....z.#......#.#.####
#.#§#@# ##.#..........
##..§## ##.#....#.####
#..#..# ..........#
##...## ..........#
##.## #.###....# #...#
#........# ####.##
######.### #..#.# #.#
#.##.# ##'##


You could see a wight.

Vanquished Creatures
  A black bear (D:5)
  An ogre (D:4)
  A phantom (D:5)
  A scorpion (D:5)
  2 hounds
  2 jellies (D:5)
  An orc priest (D:5)
  2 orc wizards
  2 adders
  A shadow imp (D:5)
  A worm (D:2)
  4 dart slugs
  12 orcs
  5 endoplasms
  6 goblins
  9 hobgoblins
  3 jackals (D:2)
  3 quokkas
  6 ball pythons
  8 bats
  2 frilled lizards (D:2)
  6 kobolds
  2 rats (D:3)
81 creatures vanquished.

Vanquished Creatures (others)
  271 foxfires
271 creatures vanquished.

Grand Total: 352 creatures vanquished

Notes
Turn   | Place    | Note
-------+----------+-------------------------------------------
     0 | D:1      | wormed the Gnoll Wanderer began the quest for the Orb.
     0 | D:1      | wormed set off with the following items: a +0 dagger, a
                  | potion of invisibility, a +0 robe, a wand of flame (6); and
                  | the following spells available to memorise: Foxfire,
                  | Freeze, Inner Flame, Kindle Blastsparks, Hailstorm.
     0 | D:1      | Reached XP level 1. HP: 13/13 MP: 6/6
     2 | D:1      | Learned a level 1 spell: Foxfire
   156 | D:1      | Reached XP level 2. HP: 19/19 MP: 4/7
   559 | D:1      | You fall into a shaft and drop 1 floor!
   559 | D:2      | Found Heujur's Book Shoppe.
   690 | D:2      | Reached skill level 5 in Spellcasting
   690 | D:2      | Reached XP level 3. HP: 25/25 MP: 4/9
   986 | D:2      | Reached skill level 1 in Invocations
  1326 | D:2      | Reached skill level 1 in Fighting
  1326 | D:2      | Reached skill level 1 in Short Blades
  1326 | D:2      | Reached skill level 1 in Long Blades
  1326 | D:2      | Reached skill level 1 in Axes
  1326 | D:2      | Reached skill level 1 in Maces & Flails
  1326 | D:2      | Reached skill level 1 in Polearms
  1326 | D:2      | Reached skill level 1 in Staves
  1326 | D:2      | Reached skill level 1 in Ranged Weapons
  1326 | D:2      | Reached skill level 1 in Throwing
  1326 | D:2      | Reached skill level 1 in Armour
  1326 | D:2      | Reached skill level 1 in Dodging
  1326 | D:2      | Reached skill level 1 in Stealth
  1326 | D:2      | Reached skill level 1 in Shields
  1326 | D:2      | Reached skill level 1 in Unarmed Combat
  2154 | D:3      | Reached XP level 4. HP: 32/32 MP: 11/11
  2460 | D:4      | Found a staircase to the Ecumenical Temple.
  2530 | Temple   | Entered the Ecumenical Temple
  2855 | Temple   | Became a worshipper of Cheibriados the Contemplative
  3003 | D:4      | Reached skill level 1 in Conjurations
  3003 | D:4      | Reached skill level 1 in Hexes
  3003 | D:4      | Reached skill level 1 in Summonings
  3003 | D:4      | Reached skill level 1 in Necromancy
  3003 | D:4      | Reached skill level 1 in Translocations
  3003 | D:4      | Reached skill level 1 in Transmutations
  3003 | D:4      | Reached skill level 1 in Air Magic
  3003 | D:4      | Reached skill level 1 in Earth Magic
  3003 | D:4      | Reached skill level 1 in Poison Magic
  3141 | D:4      | Noticed an ogre
  3146 | D:4      | Killed an ogre
  3147 | D:4      | Reached XP level 5. HP: 37/37 MP: 12/12
  3213 | D:4      | Identified the +4 dagger of Exceptional Subterfuge {drain,
                  | rPois Str+4 Stlth-}
  3263 | D:4      | Reached XP level 6. HP: 38/44 MP: 6/13
  3601 | D:5      | Entered Level 5 of the Dungeon
  3611 | D:5      | Found a shadowy altar of Dithmenos.
  3652 | D:5      | Noticed a black bear
  3659 | D:5      | Killed a black bear
  3660 | D:5      | Reached skill level 5 in Evocations
  3702 | D:5      | Reached * piety under Cheibriados
  4049 | D:5      | Reached XP level 7. HP: 36/51 MP: 15/15
  4200 | D:5      | Slain by a wight

Illustrated notes

Levels and vault maps discovered:
D:1:      wander_arrival_lonely_grave, layout_basic
D:2:      layout_rooms, serial_shops, nicolae_shop_waterfront
D:3:      cheibrodos_greedy_goblins, layout_loops_ring
D:4:      layout_cave_pools, temple_green
D:5:      minmay_spotlight, layout_loops_corners, lemuel_doored_altar
Temple:   hc_temple_tempest_star

Skill      XL: |  1  2  3  4  5  6 |
---------------+-------------------+-----
Spellcasting   | 5 |  5.6
Invocations    | 1 2 |  2.9
Fighting       | 1 2 |  2.6
Short Blades   | 1 2 |  2.6
Long Blades    | 1 2 |  2.6
Axes           | 1 2 |  2.6
Maces & Flails | 1 2 |  2.6
Polearms       | 1 2 |  2.6
Staves         | 1 2 |  2.6
Ranged Weapons | 1 2 |  2.6
Throwing       | 1 2 |  2.6
Armour         | 1 2 |  2.6
Dodging        | 1 2 |  2.6
Stealth        | 1 2 |  2.6
Shields        | 1 2 |  2.6
Unarmed Combat | 1 2 |  2.6
Conjurations   | 1 2 |  2.1
Hexes          | 1 2 |  2.1
Summonings     | 1 2 |  2.1
Necromancy     | 1 2 |  2.1
Translocations | 1 2 |  2.1
Transmutations | 1 2 |  2.1
Air Magic      | 1 2 |  2.1
Earth Magic    | 1 2 |  2.1
Poison Magic   | 1 2 |  2.1
Ice Magic      | 4 |  4.3
Evocations     | 5 |  5.3
Fire Magic     | |  7.4

Action                   |  1- 3 |  4- 6 |  7- 9 || total
-------------------------+-------+-------+-------++-------
Melee: Dagger            |    18 |    40 |     6 ||    64
       Bite              |     1 |     4 |     1 ||     6
 Cast: Foxfire           |    93 |    62 |    11 ||   166
  Use: Scroll            |     2 |     5 |       ||     7
       Potion            |       |       |     1 ||     1
 Stab: Sleeping          |     1 |       |       ||     1
Armor: Robe              |    13 |     4 |       ||    17
       Leather armour    |       |    11 |       ||    11
Dodge: Dodged            |    20 |    19 |     2 ||    41

Table legend: (Time is in decaauts)
 A = Elapsed time spent in this place.
 B = Non-inter-level travel time spent in this place.
 C = Inter-level travel time spent in this place.
 D = Time resting spent in this place.
 E = Time spent auto-exploring this place.
 F = Levels seen in this place.
 G = Mean time per level.
                   A        B        C        D        E       F      G
               +--------+--------+--------+--------+--------+-----+--------+
         Total |   4444 |   4210 |    234 |      0 |   3619 |   6 |  740.7 |
       Dungeon |   4084 |   3900 |    184 |      0 |   3328 |   5 |  816.8 |
        Temple |    360 |    310 |     50 |      0 |    291 |   1 |  360.0 |
               +--------+--------+--------+--------+--------+-----+--------+

Top non-repeatable levels by time:
     D:4: 965 daAuts
     D:2: 953 daAuts
     D:3: 892 daAuts
     D:5: 713 daAuts
     D:1: 559 daAuts
  Temple: 360 daAuts
